 Dungeon Crawl Stone Soup version 0.16-a0-3855-gd2600ac (webtiles) character file.

6549 abixa the Carver (level 11, -4/77 HPs)
             Began as a Human Artificer on Jan 31, 2015.
             Was a High Priest of Makhleb.
             Slain by a 11-headed hydra (7 damage)
             ... on level 1 of the Lair of Beasts.
             The game lasted 01:12:17 (15926 turns).

abixa the Carver (Human Artificer)                 Turns: 15926, Time: 01:12:17

Health: -4/77      AC: 17    Str: 14      XL:     11   Next: 20%
Magic:  19/19      EV:  4    Int: 12      God:    Makhleb [*****.]
Gold:   642        SH:  0    Dex: 14 (15) Spells: 0 memorised, 10 levels left

rFire  . . .     SeeInvis +     a - +0 great sword
rCold  . . .     Clarity  .     T - +1 plate armour {rN+}
rNeg   + . .     SustAb   .     (no shield)
rPois  .         Gourm    .     G - +0 helmet
rElec  .         Spirit   .     Q - +2 cloak
rCorr  .         Warding  .     (no gloves)
rMut   .         Stasis   .     (no boots)
MR     +....                    O - amulet of regeneration
Stlth  ..........               d - ring of protection from magic
                                g - ring of see invisible

@: somewhat resistant to hostile enchantments, extremely unstealthy
A: no striking features
a: Minor Destruction, Lesser Servant of Makhleb, Major Destruction, Greater
Servant of Makhleb, Renounce Religion


You were on level 1 of the Lair of Beasts.
You worshipped Makhleb.
Makhleb was extremely pleased with you.
You were hungry.

You visited 2 branches of the dungeon, and saw 10 of its levels.
You also visited: Sewer.

You collected 642 gold pieces.

Inventory:

Hand weapons
 a - a +0 great sword (weapon)
 b - a +0 blowgun
 S - a +0 hunting sling of flaming
Missiles
 o - 5 curare-tipped needles
 s - 242 stones
 y - 10 sling bullets of frost
 E - 36 poisoned needles
 K - a throwing net
 V - 3 silver javelins (quivered)
Armour
 G - a +0 helmet (worn)
 Q - a +2 cloak (worn)
 T - a +1 plate armour of positive energy (worn)
Magical staves
 q - an uncursed staff of summoning
Jewellery
 d - a ring of protection from magic (right hand)
 g - a ring of see invisible (left hand)
 L - an uncursed ring of sustain abilities
 O - an amulet of regeneration (around neck)
 Z - an uncursed amulet of resist mutation
Magical devices
 c - a wand of enslavement (4)
 C - a wand of cold (6)
 F - a wand of polymorph (5)
 P - a wand of fire (0)
 U - a wand of draining (0)
 Y - a wand of digging (13)
Scrolls
 h - 2 scrolls of blinking
 j - 4 scrolls of fear
 p - 4 scrolls of immolation
 u - 2 scrolls of recharging
 w - a scroll of amnesia
 B - 4 scrolls of remove curse
 M - a scroll of magic mapping {unknown}
 N - 4 scrolls of teleportation
 X - a scroll of enchant armour {unknown}
Potions
 i - 4 potions of curing
 k - a potion of magic {unknown}
 l - a potion of might {unknown}
 n - 2 potions of brilliance {unknown}
 v - 2 potions of agility {unknown}
 x - a potion of poison {unknown}
 z - 2 potions of restore abilities {unknown}
 D - 4 potions of heal wounds {unknown}
 H - a potion of haste {unknown}
 I - 5 potions of flight
 W - a potion of berserk rage {unknown}
Books
 e - a book of the Sky

   Spells                             Type                      Level
   a - Flight                         Charms/Air                   3
   b - Airstrike                      Air                          4
   c - Silence                        Hexes/Air                    5
   d - Deflect Missiles               Charms/Air                   6
   e - Conjure Ball Lightning         Conjuration/Air              6
   f - Tornado                        Air                          9
 t - a book of Envenomations

   Spells                             Type                      Level
   a - Spider Form                    Transmutation/Poison         3
   b - Alistair's Intoxication        Transmutation/Poison         4
   c - Olgreb's Toxic Radiance        Poison                       4
   d - Poisonous Cloud                Conjuration/Poison/Air       6
Miscellaneous
 R - a lantern of shadows
Comestibles
 f - 9 bread rations
 m - a slice of pizza
 r - 5 meat rations
 A - 4 royal jellies


   Skills:
 + Level 4.1 Fighting
   Level 1.0(9.1) Short Blades
 + Level 13.7 Long Blades
 + Level 4.2 Armour
 - Level 2.0 Dodging
 - Level 1.0 Stealth
 - Level 3.1 Invocations
 + Level 5.4 Evocations


You had 10 spell levels left.
You didn't know any spells.

Dungeon Overview and Level Annotations

Branches:
Dungeon (9/15)             Temple (0/1) D:6            Lair (1/8) D:9
    Orc (0/4) D:9

Altars:
Ashenzari
Dithmenos
Gozag
Makhleb
Okawaru
Qazlal
Ru
Vehumet
Xom
Zin
The Shining One

Shops:
D:5 (   D:8 !   D:9 =

Annotations:
D:4 Pikel


Message History

Evoke which item? (* to show all) (? for menu, Esc to quit)
Zapping:
C - a wand of cold (7)
Press: ? - help, Shift-Dir - straight line, f/p - 11-headed hydra
Aim: a 11-headed hydra (heavily wounded)
The bolt of cold hits the 11-headed hydra.
The 11-headed hydra is almost dead.
This wand has 6 charges left.
The 11-headed hydra bites you but does no damage.
The 11-headed hydra barely misses you. The 11-headed hydra bites you.
* * * LOW HITPOINT WARNING * * *
The 11-headed hydra bites you but does no damage.
The 11-headed hydra bites you.
* * * LOW HITPOINT WARNING * * *
The 11-headed hydra bites you but does no damage.
The 11-headed hydra bites you.
* * * LOW HITPOINT WARNING * * *
The 11-headed hydra bites you.
* * * LOW HITPOINT WARNING * * *
The 11-headed hydra barely misses you. The 11-headed hydra bites you!
You die...

..... #..# #...#...##....
.....##..# ##...#..##....
.........# ##...#..##....
..........#
#...##..#P..[. #..#
##...#..##.... ##..#
#......##.... #...##
#......##....
#..DP####..##..#..... .
#..@##.##..##..##..#. #.
##.............P#..##
#..#..........#.......#
##..##.........##......##
..............##..##...#
.............##..##..##
..#..........##..##..#
.##.........##..##..#
#.........##...#..#


You could see a 11-headed hydra.

Vanquished Creatures
  An ugly thing (D:8)
  The ghost of 4thArraOfDagon the Skirmisher, an experienced NaNe of Qazlal (D:7)
  A spiny frog (Lair:1)
  A two-headed ogre (D:9)
  Prince Ribbit (D:5)
  A yak (D:9)
  A wyvern (D:9)
  Eustachio (D:7)
  2 hungry ghosts
  A hippogriff (D:7)
  Edmund (D:5)
  Menkaure (D:5)
  3 orc warriors
  A porcupine (Lair:1)
  3 ice beasts
  A sky beast (D:7)
  A slave (D:3)
  A phantom (D:7)
  An ogre (D:6)
  A crocodile (D:8)
  Sigmund (D:5)
  4 centaurs
  3 giant frogs
  A big kobold (D:7)
  Blork the orc (D:6)
  A wyvern zombie (D:8)
  3 scorpions
  5 wights
  2 killer bees
  A goliath beetle (D:6)
  A giant frog zombie (D:5)
  8 crimson imps
  A quasit (D:8)
  3 jellies
  4 giant frog skeletons
  3 orc priests
  6 worker ants
  5 hounds
  An iguana (D:4)
  5 orc wizards
  Natasha (thrice) (D:5)
  A siren (Sewer)
  Ijyb (D:5)
  A hound zombie (D:7)
  2 hound skeletons
  17 adders
  4 gnolls
  3 giant mites
  14 river rats
  A giant eyeball (D:8)
  A shadow imp (D:8)
  3 worms
  3 giant geckos
  28 orcs
  5 ball pythons
  13 bats
  2 bat skeletons
  10 giant cockroaches
  13 goblins
  16 hobgoblins
  8 jackals
  5 quokkas
  11 giant newts
  A giant spore (D:9)
  18 kobolds
  A quokka zombie (D:9)
  44 rats
  A fungus (D:9)
314 creatures vanquished.

Vanquished Creatures (collateral kills)
  A necrophage (D:9)
  An ogre (D:6)
  A siren (Sewer)
  A merfolk avatar (Sewer)
  A hobgoblin (D:3)
5 creatures vanquished.

Vanquished Creatures (others)
  A jelly (D:8)
  A drowned soul (Sewer)
2 creatures vanquished.

Grand Total: 321 creatures vanquished

Notes
Turn   | Place    | Note
--------------------------------------------------------------
     0 | D:1      | abixa, the Human Artificer, began the quest for the Orb.
     0 | D:1      | Reached XP level 1. HP: 15/15 MP: 1/1
   383 | D:1      | Reached XP level 2. HP: 21/21 MP: 3/3
   772 | D:1      | Reached skill level 4 in Evocations
  1021 | D:1      | Reached XP level 3. HP: 26/26 MP: 5/5
  1122 | D:2      | Found a shimmering altar of Xom.
  1125 | D:2      | Noticed an angel
  1126 | D:2      | Found a glowing silver altar of Zin.
  1625 | D:2      | Reached XP level 4. HP: 30/32 MP: 7/7
  2193 | D:2      | Reached skill level 5 in Evocations
  2891 | D:2      | Reached skill level 1 in Armour
  3146 | D:2      | Reached XP level 5. HP: 11/37 MP: 9/9
  4113 | D:3      | Reached skill level 1 in Long Blades
  4728 | D:3      | Found a sacrificial altar of Ru.
  4732 | D:3      | Found a stormy altar of Qazlal.
  4734 | D:3      | Found a burning altar of Makhleb.
  4738 | D:3      | Became a worshipper of Makhleb the Destroyer
  4980 | D:4      | Reached XP level 6. HP: 43/43 MP: 11/11
  5533 | D:4      | Acquired Makhleb's first power
  5572 | D:4      | Reached XP level 7. HP: 33/48 MP: 13/13
  5732 | D:4      | Found a radiant altar of Vehumet.
  6561 | D:4      | Reached skill level 5 in Long Blades
  6700 | D:4      | Noticed a slave
  6732 | D:4      | HP: 2/48 [slave[Pikel] (8)]
  7261 | D:4      | Noticed a slave
  7262 | D:4      | Noticed a slave
  7266 | D:4      | Noticed Pikel
  7305 | D:3      | Killed a slave
  7623 | D:4      | Noticed a slave
  8096 | D:5      | Entered Level 5 of the Dungeon
  8128 | D:5      | Noticed Prince Ribbit
  8234 | D:5      | Noticed Natasha
  8267 | D:5      | Killed Natasha
  8298 | D:5      | Noticed Natasha
  8306 | D:5      | Killed Natasha
  8317 | D:5      | Noticed Sigmund
  8460 | D:5      | Reached skill level 6 in Long Blades
  8504 | D:5      | Noticed Menkaure
  8509 | D:5      | Killed Menkaure
  8509 | D:5      | Reached XP level 8. HP: 29/54 MP: 15/15
  8515 | D:5      | Found a glowing drain.
  8598 | D:5      | Reached skill level 7 in Long Blades
  8615 | Sewer    | Entered a sewer
  8813 | Sewer    | Acquired Makhleb's second power
  9163 | Sewer    | Noticed a drowned soul
  9166 | Sewer    | Noticed a drowned soul
  9167 | Sewer    | Noticed a drowned soul
  9167 | Sewer    | Killed a drowned soul
  9545 | D:5      | Noticed Natasha
  9635 | D:5      | Killed Prince Ribbit
  9635 | D:5      | Reached skill level 8 in Long Blades
  9684 | D:5      | Killed Sigmund
  9684 | D:5      | Acquired Makhleb's third power
  9751 | D:5      | Killed Natasha
  9850 | D:5      | Found Zysmougu's Antique Weapon Shop.
  9929 | D:5      | Reached skill level 9 in Long Blades
  9981 | D:5      | Reached XP level 9. HP: 59/59 MP: 16/16
 10129 | D:5      | Found a shadowy altar of Dithmenos.
 10130 | D:5      | Noticed Ijyb
 10130 | D:5      | Noticed Edmund
 10167 | D:5      | Killed Edmund
 10169 | D:5      | Killed Ijyb
 10305 | D:6      | Found a shattered altar of Ashenzari.
 10441 | D:5      | Reached skill level 1 in Invocations
 10546 | D:6      | Found a radiant altar of Vehumet.
 10573 | D:6      | Noticed Blork the orc
 10604 | D:6      | Killed Blork the orc
 10805 | D:6      | Found a staircase to the Ecumenical Temple.
 11476 | D:6      | Acquired Makhleb's fourth power
 11562 | D:7      | Noticed 4thArraOfDagon's ghost (experienced NaNe)
 11711 | D:7      | Reached skill level 10 in Long Blades
 12387 | D:6      | Reached XP level 10. HP: 69/71 MP: 18/18
 12719 | D:7      | Reached skill level 11 in Long Blades
 12999 | D:7      | Acquired Makhleb's fifth power
 13077 | D:7      | Killed 4thArraOfDagon's ghost
 13139 | D:7      | Noticed Eustachio
 13175 | D:7      | Killed Eustachio
 13282 | D:7      | Found a glowing golden altar of the Shining One.
 13282 | D:7      | Found an iron altar of Okawaru.
 13639 | D:8      | Noticed a cyan ugly thing
 13647 | D:8      | Noticed Maurice
 13655 | D:8      | Killed a cyan ugly thing
 13655 | D:8      | Reached skill level 12 in Long Blades
 13743 | D:8      | Found Leits' Distillery.
 14088 | D:8      | Noticed Maurice
 14088 | D:8      | Maurice changed into Maurice the giant eyeball
 14092 | D:8      | Killed Maurice the giant eyeball
 14141 | D:8      | Noticed Psyche
 14142 | D:8      | Noticed Psyche
 14142 | D:8      | Psyche changed into Psyche the crocodile
 14147 | D:8      | Killed Psyche the crocodile
 14547 | D:9      | Found a staircase to the Orcish Mines.
 14720 | D:9      | Found Ewo Tano's Jewellery Shop.
 14762 | D:9      | Reached skill level 13 in Long Blades
 14762 | D:9      | Reached XP level 11. HP: 31/77 MP: 19/19
 14847 | D:9      | Found a staircase to the Lair.
 15426 | D:9      | Found an opulent altar of Gozag.
 15585 | Lair:1   | Entered Level 1 of the Lair of Beasts
 15914 | Lair:1   | Noticed an eight-headed hydra
 15926 | Lair:1   | HP: 3/77 [11-headed hydra (2)]
 15926 | Lair:1   | Slain by a 11-headed hydra

Action                   |  1- 3 |  4- 6 |  7- 9 | 10-12 || total
-------------------------+-------+-------+-------+-------++-------
Melee: Short sword       |   105 |   125 |       |       ||   230
       Falchion          |       |   113 |   374 |       ||   487
       Great sword       |       |       |   275 |   417 ||   692
 Fire: Blowgun           |       |     7 |    23 |       ||    30
Throw: Stone             |     3 |    29 |    44 |       ||    76
       Javelin           |       |       |     3 |     9 ||    12
Invok: Minor Destruction |       |       |     2 |     9 ||    11
       Lesser Servant of |       |       |       |     1 ||     1
Evoke: Wand              |     9 |     7 |    40 |    26 ||    82
  Use: Scroll            |       |       |     7 |     6 ||    13
       Potion            |       |       |     1 |       ||     1
 Stab: Paralysed         |     4 |       |       |       ||     4
       Confused          |       |       |     3 |       ||     3
       Distracted        |       |       |       |     1 ||     1
  Eat: Chunk             |     2 |    13 |    22 |    13 ||    50
       Beef jerky        |       |       |     1 |       ||     1
       Fruit             |       |       |     3 |     3 ||     6
       Pizza             |       |       |       |     1 ||     1
